 Seeded DCSS version 0.28-a0-1312-g71652a0310 (webtiles) character file.

Game seed: 12219887455895637472 (custom seed)

218 wilfster70 the Caller (level 5, -2/21 HPs)
             Began as a Felid Summoner on Dec 27, 2021.
             Frozen to death by an endoplasm (4 damage)
             ... on level 3 of the Dungeon.
             The game lasted 00:18:22 (5553 turns).

wilfster70 the Caller (Felid Summoner)              Turns: 5553, Time: 00:18:22

Health: -2/21      AC:  2    Str:  4    XL:     5   Next: 63%
Magic:  7/10       EV: 17    Int: 19    God:
Gold:   160        SH:  0    Dex: 16    Spells: 2/10 levels left
                                        Lives:  0   Deaths: 1

rFire   . . .      SeeInvis +   (weapon unavailable)
rCold   . . .      Faith    .   (shield unavailable)
rNeg    . . .      Spirit   .   (armour unavailable)
rPois   .          Reflect  .   (helmet unavailable)
rElec   .          Harm     .   (cloak unavailable)
rCorr   .          Rampage  .   (gloves unavailable)
Will    .....                   (boots unavailable)
Stlth   ++........              (no amulet)
HPRegen 0.07/turn               (no ring)
MPRegen 0.12/turn               (no ring)

@: quick
A: very small, claws 1, fangs 3, see invisible, speed 1, shaggy fur 2, stealthy
paws, no weapons or thrown items, no armour, multi-lived
a: no special abilities


You were on level 3 of the Dungeon.
You visited 1 branch of the dungeon, and saw 4 of its levels.

You collected 160 gold pieces.

Inventory:

Jewellery
 e - a ring of ice
Wands
 h - a wand of digging (5)
 i - a wand of polymorph (5)
Scrolls
 b - a scroll of teleportation
Potions
 a - 2 potions of lignification {unknown}
 c - a potion of brilliance {unknown}
 g - a potion of curing


   Skills:
 - Level 2.6 Dodging
 - Level 2.6 Stealth
 - Level 3.1 Spellcasting
 - Level 5.0 Hexes
 + Level 6.1 Summonings


You had 2 spell levels left.
You knew the following spells:

 Your Spells              Type           Power      Damage    Failure   Level
b - Call Imp              Summ           26%        N/A       1%          2
c - Call Canine Familiar  Summ           26%        N/A       3%          3
d - Summon Guardian Gole  Hex/Summ       24%        N/A       4%          3

Your spell library contained the following spells:

 Spells                   Type           Power      Damage    Failure   Level
 Summon Small Mammal      Summ           100%       N/A       1%          1
 Blink                    Tloc           6%         N/A       22%         2
 Summon Lightning Spire   Summ/Air       14%        N/A       38%         4
 Gell's Gravitas          Tloc           3%         N/A       41%         3
 Lesser Beckoning         Tloc           3%         N/A       41%         3
 Teleport Other           Tloc           3%         N/A       41%         3
 Manifold Assault         Tloc           3%         N/A       99%         5
 Storm Form               Tmut/Air       1%         N/A       100%        7
 Maxwell's Capacitive Co  Air            1%         ∞         100%        8


Dungeon Overview and Level Annotations

Branches:
Dungeon (4/15)
 Temple: D:4-7

Altars:
Ashenzari
Makhleb
Yredelemnul

Annotations:
D:3 Pikel
D:4 Grinder


Innate Abilities, Weirdness & Mutations

You have sharp claws.
You have razor-sharp teeth.
You have supernaturally acute eyesight. (SInv)
You cover ground quickly. (Speed+)
You are covered in thick fur. (AC +2)
Your paws help you pounce on unaware monsters.
You are incapable of wielding weapons or throwing items.
You cannot wear armour.
You gain extra lives every three experience levels.


Message History

There is a stone staircase leading down here.
You climb downwards.
Level annotation: Grinder, Pikel The endoplasm freezes you.
You are frozen.
Pikel hits you with a +1 whip of flaming.
Pikel burns you. The endoplasm misses you.
There is a stone staircase leading up here.
Pikel hits you with a +1 whip of flaming!
* * * LOW HITPOINT WARNING * * *
Pikel burns you.
* * * LOW HITPOINT WARNING * * *
The endoplasm barely misses you.
You climb upwards.
There is a stone staircase leading down here.
Unknown command.
Unknown command.
Unknown command.
As you read the scroll labelled PUZUUL OCENEEP, it crumbles to dust.
It is a scroll of enchant armour.
You aren't carrying any armour which can be enchanted further.
Pikel misses you. The endoplasm misses you.
As you read the scroll labelled GEUTIRHOWEE, it crumbles to dust.
It is a scroll of amnesia.
Forget Summon Small Mammal, freeing 1 spell level for a total of 2?
Your memory of Summon Small Mammal unravels.
Pikel closely misses you. The endoplasm closely misses you.
Okay, then.
Unknown command.
You feel better. Pikel misses you. The endoplasm completely misses you.
Casting: Summon Guardian Golem (quite dangerous; 4% risk of failure)
Confirm with . or Enter, or press ? or * to list all spells.
The spell is quite dangerous to miscast (3% risk of failure)!
Continue anyway?
Pikel hits you with a +1 whip of flaming!
* * * LOW HITPOINT WARNING * * *
Pikel burns you.
* * * LOW HITPOINT WARNING * * *
The endoplasm freezes you.
You are frozen.
You die...

#.......##....# #.##..# ##..
#.####......#.# #.##..# ##.
#.# #.##.###.# #.##..#####.
##.####.##.###.#
#.##........
#..............#
#.###.#####.
#.#####.##...### #.# #.# ##
#.# #.####h# #.# #.# #>#
#.####K# #.###.# # ##.##
#....J@# #.....# ####...##
#..##### #####.# ........#
#..# #.# ####....# #..###
#.# # ##.#.# #....# #.# #
#.#.###..#.# #.#
#####........#.###########.#
........####.#.............#
######.[# #.#############.#


You could see Pikel (ally target), an endoplasm and a friendly hound (summoned).

Vanquished Creatures
  2 endoplasms
  A hobgoblin (D:3)
  A quokka (D:1)
  3 bats (D:1)
  2 frilled lizards
  2 rats
11 creatures vanquished.

Vanquished Creatures (collateral kills)
  A necrophage (D:4)
  A hound (D:3)
  Natasha (D:3)
  An orc wizard (D:3)
  5 adders
  A worm (D:3)
  2 dart slugs
  11 orcs
  6 ball pythons
  9 endoplasms
  2 giant cockroaches
  5 goblins
  8 hobgoblins
  3 quokkas
  4 bats
  4 frilled lizards (D:1)
  7 kobolds
  2 rats
73 creatures vanquished.

Vanquished Creatures (others)
  Natasha (twice) (D:3)
2 creatures vanquished.

Grand Total: 86 creatures vanquished

Notes
Turn   | Place    | Note
-------+----------+-------------------------------------------
     0 | D:1      | wilfster70 the Felid Summoner began the quest for the Orb.
     0 | D:1      | Reached XP level 1. HP: 7/7 MP: 4/4
   358 | D:1      | Reached XP level 2. HP: 11/11 MP: 4/6
   361 | D:1      | Learned a level 2 spell: Call Imp
  1288 | D:1      | Reached XP level 3. HP: 14/14 MP: 4/8
  1292 | D:1      | Learned a level 3 spell: Call Canine Familiar
  1573 | D:1      | Found a faded altar of an unknown god.
  2187 | D:2      | Reached XP level 4. HP: 13/18 MP: 3/9
  2191 | D:2      | Learned a level 3 spell: Summon Guardian Golem
  2433 | D:2      | Reached skill level 5 in Summonings
  2494 | D:2      | Reached skill level 1 in Hexes
  2764 | D:3      | Reached XP level 5. HP: 21/21 MP: 10/10
  3133 | D:3      | Found a basalt altar of Yredelemnul.
  3797 | D:3      | Found a burning altar of Makhleb.
  4183 | D:4      | Noticed Grinder
  4232 | D:4      | Noticed a necrophage
  4276 | D:4      | Killed a necrophage
  4277 | D:4      | Gained mutation: You are covered in thick fur. (AC +2)
                  | [Felid growth]
  4277 | D:4      | Reached XP level 6. HP: 18/24 MP: 4/11
  4374 | D:4      | Found a broken altar of Ashenzari.
  4582 | D:4      | Noticed Pikel
  4583 | D:4      | HP: 1/24 [hound (3)]
  4584 | D:4      | Mangled by a lemure
  4585 | D:4      | Reached XP level 5. HP: -7/21 MP: 7/10
  4596 | D:4      | Noticed a lemure
  4617 | D:4      | Noticed Natasha
  4639 | D:3      | Killed Natasha
  4640 | D:3      | Reached skill level 6 in Summonings
  4895 | D:3      | Found a burning altar of Makhleb.
  5011 | D:3      | Noticed Natasha
  5021 | D:3      | Killed Natasha
  5087 | D:3      | Found a basalt altar of Yredelemnul.
  5373 | D:3      | Noticed Natasha
  5392 | D:3      | Killed Natasha
  5393 | D:3      | Reached skill level 5 in Hexes
  5548 | D:4      | HP: 1/21 [Pikel (3)]
  5553 | D:3      | Frozen to death by an endoplasm

Illustrated notes

Levels and vault maps discovered:
D:1:      mushboom_english_gardens, layout_loops_ring, serial_aquarium,
          aquarium_bridge_island_small [aquarium_subvault_small_open,
          aquarium_subvault_wall, aquarium_subvault_bridge,
          aquarium_subvault_bridge, aquarium_subvault_wall],
          aquarium_window_fake, aquarium_window_1, aquarium_window_2,
          aquarium_view_2f, aquarium_view_2f, aquarium_pool_2,
          nicolae_ecumenical_lake_church
D:2:      layout_rooms, kennysheep_generic_room_3
D:3:      layout_loops_ring, bloody_makhleb, lemuel_round_altar
D:4:      layout_rooms, mainiacjoe_overflow_surrounded_room, uniq_menkaure,
          uniq_natasha, uniq_grinder, uniq_pikel

Skill      XL: |  1  2  3  4  5 |
---------------+----------------+-----
Spellcasting   | 3 |  3.1
Summonings     | 5 6 |  6.1
Hexes          | 2 5 |  5.0
Dodging        | |  2.6
Stealth        | |  2.6

Action                   |  1- 3 |  4- 6 || total
-------------------------+-------+-------++-------
Melee: Unarmed           |    16 |    21 ||    37
       Bite              |     1 |     1 ||     2
 Cast: Summon Small Mamm |    13 |     3 ||    16
       Call Imp          |    27 |    13 ||    40
       Call Canine Famil |     4 |    21 ||    25
       Summon Guardian G |       |     4 ||     4
  Use: Scroll            |       |     5 ||     5
       Potion            |       |     1 ||     1
 Stab: Sleeping          |     1 |     4 ||     5
Armor: Skin              |     3 |     1 ||     4
Dodge: Dodged            |    41 |    52 ||    93

Table legend: (Time is in decaauts)
 A = Elapsed time spent in this place.
 B = Non-inter-level travel time spent in this place.
 C = Inter-level travel time spent in this place.
 D = Time resting spent in this place.
 E = Time spent auto-exploring this place.
 F = Levels seen in this place.
 G = Mean time per level.
                   A        B        C        D        E       F      G
               +--------+--------+--------+--------+--------+-----+--------+
         Total |   4936 |   4835 |    101 |   1377 |   2102 |   4 | 1234.0 |
       Dungeon |   4936 |   4835 |    101 |   1377 |   2102 |   4 | 1234.0 |
               +--------+--------+--------+--------+--------+-----+--------+

Top non-repeatable levels by time:
     D:3: 2106 daAuts
     D:1: 1569 daAuts
     D:2: 860 daAuts
     D:4: 399 daAuts
